 Dungeon Crawl Stone Soup version 0.32-a0-876-gcfddb08e57 (webtiles) character file.

Game seed: 144131142779160933

111 jestert79 the Poker (level 4, -2/33 HPs)
             Began as a Coglin Gladiator on Apr 1, 2024.
             Slain by a sleepcap (5 damage)
             ... on level 4 of the Dungeon.
             The game lasted 00:03:36 (2568 turns).

jestert79 the Poker (Coglin Gladiator)              Turns: 2568, Time: 00:03:37

Health: -2/33      AC:  4    Str: 17    XL:     4   Next: 92%
Magic:  4/4        EV: 11    Int:  7    God:
Gold:   184        SH:  0    Dex: 15    Spells: 3/3 levels left

rFire   + . .        a - +0 trident {Mei}
rCold   . . .        s - staff of fire {Carlos}
rNeg    . . .        b - +0 leather armour
rPois   .            c - +0 helmet
rElec   .            (no cloak)
rCorr   .            (no gloves)
SInv    .            (no boots)
Will    .....        (amulet unavailable)
Stlth   +            (ring unavailable)
HPRegen 0.25/turn    (ring unavailable)
MPRegen 0.09/turn    (no gizmo)

%: no passive effects
@: revved
A: off-hand wielding, slow wielding, warmup strikes, no jewellery
a: Invent Gizmo


You were on level 4 of the Dungeon.
You visited 1 branch of the dungeon, and saw 4 of its levels.

You collected 184 gold pieces.

Inventory:

Hand Weapons
 a - a +0 trident (weapon) {Mei}
 f - a +0 dagger {José}
Missiles
 d - 3 throwing nets (quivered)
 e - a javelin
Armour
 b - a +0 leather armour (worn)
 c - a +0 helmet (worn)
Magical Staves
 s - a staff of fire (offhand) {Carlos}
Scrolls
 g - a scroll of noise {unknown}
 j - a scroll of poison {unknown}
 k - a scroll of enchant armour {unknown}
 l - 3 scrolls of fog {unknown}
 q - a scroll of enchant weapon {unknown}
 r - 2 scrolls of teleportation {unknown}
 u - a scroll of vulnerability {unknown}
 v - a scroll of identify {unknown}
Potions
 h - a potion of mutation {unknown}
 i - 2 potions of berserk rage {unknown}
 m - a potion of attraction {unknown}
 n - a potion of curing {unknown}
 o - 2 potions of resistance {unknown}
 p - 2 potions of enlightenment {unknown}
 t - a potion of haste {unknown}


   Skills:
 - Level 2.0 Fighting
 + Level 4.9 Polearms
 - Level 1.7 Throwing
 - Level 2.6 Dodging
 + Level 0.1 Fire Magic
 + Level 0.3 Evocations


You had 3 spell levels left.
You didn't know any spells.
Your spell library contained the following spells:

 Spells                   Type           Power      Damage    Failure   Level
 Magic Dart               Conj           0%         1d3       50%         1
 Blink                    Tloc           0%         N/A       65%         2
 Call Imp                 Summ           0%         N/A       65%         2
 Fugue of the Fallen      Necr           0%         N/A       86%         3
 Ozocubu's Armour         Ice            0%         N/A       86%         3
 Manifold Assault         Tloc           0%         N/A       100%        7


Dungeon Overview and Level Annotations

Branches:
Dungeon (4/15)
 Temple: D:4-7

Altars:
Hepliaklqana
Kikubaaqudgha


Innate Abilities, Weirdness & Mutations

You can wield a second weapon in your off-hand.
It takes a long time for you to wield or remove held weapons.
Your first few attacks do less damage.
You cannot equip rings or amulets.


Message History

You hit the sleepcap but do no damage.
The sleepcap is moderately damaged.
You hit the sleepcap with your +0 trident.
The sleepcap releases spores at you but does no damage.
You puncture the sleepcap with your +0 trident!
The sleepcap is heavily damaged.
You hit the sleepcap with your staff of fire.
The sleepcap releases spores at you.
You are engulfed in a cloud of soporific spores!
You fall asleep.
The sleepcap releases spores at you!!
You wake up.
Ouch! That really hurt!
* * * LOW HITPOINT WARNING * * *
You are engulfed in a cloud of soporific spores!
You are unaffected.
You are too injured to fight recklessly!
Unknown command.
You are too injured to fight recklessly!
Unknown command.
You are too injured to fight recklessly!
Unknown command.
You are too injured to fight recklessly!
Unknown command.
You are too injured to fight recklessly!
You hit the sleepcap with your +0 trident.
The sleepcap is severely damaged.
You hit the sleepcap with your staff of fire.
The sleepcap barely misses you.
You hit the sleepcap but do no damage.
The sleepcap is severely damaged.
You hit the sleepcap but do no damage. The sleepcap misses you.
Unknown command.
You hit the sleepcap with your +0 trident.
The sleepcap is almost destroyed.
You hit the sleepcap but do no damage. The sleepcap releases spores at you.
* * * LOW HITPOINT WARNING * * *
You hit the sleepcap but do no damage.
The sleepcap is almost destroyed.
You hit the sleepcap but do no damage. The sleepcap releases spores at you.
You die...

#......# #.#.
#....###### #..#
###'####...## ##...
#...).......# ##..#.
#...........# #....# #
##.........####.#... #..
#....#######.....#.
#...##.f..###..##......#
+......@...#............
#..........#..........#.
#...###..##########...).
#... ##.)##########..##.
... +...<.......#......
.. #...........#...##.
##..##############.
####..###.##[###..##.
#.............#......


You could see a sleepcap.

Vanquished Creatures
  4 adders
  A ribbon worm (D:3)
  A dart slug (D:3)
  An orc (D:4)
  5 ball pythons
  7 bats
  8 endoplasms
  4 giant cockroaches
  9 hobgoblins
  4 jackals (D:1)
  2 quokkas
  3 frilled lizards
  7 goblins
  4 kobolds
  3 rats
63 creatures vanquished.

Notes
Turn   | Place    | Note
-------+----------+-------------------------------------------
     0 | D:1      | jestert79 the Coglin Gladiator began the quest for the Orb.
     0 | D:1      | Reached XP level 1. HP: 16/16 MP: 1/1
   162 | D:1      | Reached skill level 3 in Polearms
   203 | D:1      | Reached XP level 2. HP: 15/22 MP: 2/2
   434 | D:1      | Reached XP level 3. HP: 23/27 MP: 3/3
   677 | D:1      | Reached skill level 4 in Polearms
   952 | D:2      | Reached XP level 4. HP: 33/33 MP: 4/4
  1371 | D:2      | Found a faded altar of an unknown god.
  1659 | D:3      | Found an ancient bone altar of Kikubaaqudgha.
  1745 | D:3      | Found a hazy altar of Hepliaklqana.
  2568 | D:4      | Slain by a sleepcap

Illustrated notes

Levels and vault maps discovered:
D:1:      zaba_arrival_water, layout_basic, minmay_fountain_box,
          roderic_lattice_a, moated_statue
D:2:      layout_basic, dreamdust_ecumenical_altar_hidden_monk_grotto
D:3:      layout_basic, mainiacjoe_overflow_catwalk_spiral
D:4:      layout_gridville, minmay_temple_entry_from_below_b,
          minmay_misc_feat_more_columns, minmay_misc_feat_diagonals,
          grunt_ministairs_9

Skill      XL: |  1  2  3 |
---------------+----------+-----
Polearms       | 3 4 |  4.9
Fighting       | |  2.0
Throwing       | |  1.7
Dodging        | |  2.6
Fire Magic     | |  0.1
Evocations     | |  0.3

Action                     |  1- 3 |  4- 6 || total
---------------------------+-------+-------++-------
  Melee: Trident           |    82 |    87 ||   169
         Dagger            |    61 |    30 ||    91
         Staff             |       |    20 ||    20
   Stab: Sleeping          |     2 |       ||     2
 Armour: Leather armour    |    39 |    26 ||    65
  Dodge: Dodged            |    41 |    29 ||    70

Table legend: (Time is in decaauts)
 A = Elapsed time spent in this place.
 B = Non-inter-level travel time spent in this place.
 C = Inter-level travel time spent in this place.
 D = Time resting spent in this place.
 E = Time spent auto-exploring this place.
 F = Levels seen in this place.
 G = Mean time per level.
                   A        B        C        D        E       F      G
               +--------+--------+--------+--------+--------+-----+--------+
         Total |   2583 |   2489 |     94 |     33 |   1983 |   4 |  645.8 |
       Dungeon |   2583 |   2489 |     94 |     33 |   1983 |   4 |  645.8 |
               +--------+--------+--------+--------+--------+-----+--------+

Top non-repeatable levels by time:
     D:1: 878 daAuts
     D:2: 757 daAuts
     D:3: 715 daAuts
     D:4: 231 daAuts
